Diables vs Patriotes
Created - 1 mars 2017 at 19:34
Goals
|
Diables |
2 |
0 |
2 |
4 |
Patriotes |
0 |
1 |
0 |
1 |
|
Shots
|
Diables |
13 |
11 |
13 |
37 |
Patriotes |
4 |
13 |
2 |
19 |
|
1st period
1. Diables , Steve Quailer 36 (Kellan Lain, Tyler Bozak) at 8:30
2. Diables , Brandon Prust 14 (Tyler Bozak, Mark Fraser) at 14:42
Penalties :
Brandon Prust (Alm) for Diving (Minor) at 19:12
2nd period
3. Patriotes , Fedor Fedorov 13 (Ryan Wilson, Jordie Benn) at 3:52 (PP)
Penalties :
Pavel Valentenko (Alm) for Holding (Minor) at 3:36, Jordie Benn (Nyc) for Slashing (Minor) at 4:04, Benn Ferriero (Alm) for Boarding (Minor) at 12:08
3rd period
4. Diables , Brian Dumoulin 1 (Kellan Lain, Steve Quailer) at 5:05
5. Diables , Ben Hanowski 8 (Gabriel Landeskog, Craig Smith) at 9:15
Penalties :
Robbie Russo (Nyc) for Hooking (Minor) at 17:54
Goalie Stats
Marek Mazanek (Alm), 18 saves from 19 shots - (0,947), W, 7-4-0, 60:00 minutes
Marek Schwarz (Nyc), 33 saves from 37 shots - (0,892), L, 19-19-3, 60:00 minutes
Players Stats for Diables
Player Name G A P +/- PIM S H SB GA TA FO MP PP MP PK MP
------------------------------------------------------------------------------------
Ben Hanowski 1 0 1 1 0 4 2 0 0 0 0/0 12:13 0:14 0:00
Benn Ferriero 0 0 0 0 2 1 1 0 0 0 0/0 12:36 1:58 0:00
Brandon Prust 1 0 1 1 2 2 3 0 0 0 0/1 15:39 1:46 0:34
Brian Dumoulin 1 0 1 2 0 1 1 0 0 0 0/0 15:31 0:00 0:00
Craig Smith 0 1 1 1 0 5 2 0 0 0 6/7 12:41 0:14 0:11
Gabriel Landeskog 0 1 1 1 0 2 1 1 0 0 0/0 12:47 0:00 1:02
Kellan Lain 0 2 2 2 0 2 4 1 0 1 0/0 21:15 1:58 3:01
Kyle Chipchura 0 0 0 0 0 1 0 0 0 0 1/3 11:01 0:00 0:39
Kyle Cumiskey 0 0 0 1 0 1 2 1 0 0 0/0 25:30 2:20 3:06
Lukas Krajicek 0 0 0 1 0 1 0 0 0 0 0/0 18:59 1:38 1:08
Mark Fraser 0 1 1 1 0 1 1 0 0 0 0/0 18:59 1:38 1:08
Pavel Valentenko 0 0 0 2 2 0 1 1 0 0 0/0 10:11 0:00 0:00
Petter Granberg 0 0 0 0 0 0 1 0 0 0 0/0 6:00 0:00 0:00
Riley Sheahan 0 0 0 1 0 1 1 1 0 0 4/7 14:40 1:46 0:00
Steve Quailer 1 1 2 2 0 5 0 0 0 1 1/1 16:35 0:14 0:00
Taylor Beck 0 0 0 0 0 3 0 0 0 0 0/1 10:22 0:00 0:00
Tomas Kubalik 0 0 0 1 0 3 1 0 0 0 0/0 14:40 1:46 0:00
Tyler Bozak 0 2 2 2 0 2 1 2 3 0 12/28 21:15 1:58 3:01
Tyler Cuma 0 0 0 1 0 2 1 1 1 1 0/0 24:49 2:20 3:06
Players Stats for Patriotes
Player Name G A P +/- PIM S H SB GA TA FO MP PP MP PK MP
------------------------------------------------------------------------------------
Andrew Gordon 0 0 0 -2 0 0 2 2 1 0 1/2 25:43 2:57 2:00
Anthony Bitetto 0 0 0 0 0 1 4 1 0 1 0/0 18:29 1:17 1:26
Austin Watson 0 0 0 0 0 0 1 0 0 0 0/0 14:46 0:00 0:57
Christian Hanson 0 0 0 -2 0 2 4 1 0 0 8/22 19:11 2:13 1:33
Fedor Fedorov 1 0 1 -2 0 4 3 0 0 0 2/2 20:16 2:09 1:48
Jordie Benn 0 1 1 -3 2 2 2 0 0 1 0/0 24:29 2:57 1:14
Lauri Tukonen 0 0 0 0 0 4 2 1 1 0 0/0 19:23 0:52 0:00
Mathieu Perreault 0 0 0 0 0 0 0 0 1 0 4/5 18:35 0:00 1:38
Matt Calvert 0 0 0 -2 0 2 2 0 0 0 0/2 18:25 2:00 0:00
Mattias Weinhandl 0 0 0 0 0 0 0 0 0 0 0/0 2:52 0:00 0:00
Melker Karlsson 0 0 0 0 0 1 0 0 0 0 2/2 6:58 0:03 0:00
Mike Funk 0 0 0 0 0 0 2 0 0 0 0/0 18:54 1:17 1:52
Robbie Russo 0 0 0 -1 2 0 0 2 0 1 0/0 16:55 0:00 0:52
Ryan Wilson 0 1 1 -3 0 2 4 1 0 1 0/0 25:34 2:57 2:32
Stephen Johns 0 0 0 -1 0 1 0 1 0 0 0/0 16:06 0:00 0:00
Tomas Kurka 0 0 0 0 0 0 0 0 0 0 0/0 0:00 0:00 0:00
Zach Budish 0 0 0 -2 0 0 0 0 0 0 1/1 10:58 0:30 0:00
Zenon Konopka 0 0 0 -2 0 0 1 0 0 0 6/12 18:25 1:58 0:00
3 Stars
1 - Kellan Lain (Alm)
2 - Steve Quailer (Alm)
3 - Tyler Bozak (Alm)
Power Play
Diables - 0 on 3 Attempt(s) - 0,00%
Patriotes - 1 on 3 Attempt(s) - 33,33%
Penalty Kill
Diables - 2 on 3 Attempt(s) - 66,67%
- Score 0 goal in Penalty Kill
Patriotes - 3 on 3 Attempt(s) - 100,00%
- Score 0 goal in Penalty Kill
Team Stat
Diables - Hits : 23 - Faceoff Wins : 24 - Blocked Shots : 8 - Penalty Minutes : 6
Patriotes - Hits : 27 - Faceoff Wins : 24 - Blocked Shots : 9 - Penalty Minutes : 4
Official
Referees : Sutherland Kelly and Hasenfratz Mike
Linesman : David Brisebois and Jonny Murray
Game Notes
Mattias Weinhandl is injured at 8:24 of 1st period (Left Knee)
9:36 of 2nd period - Penalty Shot by Christian Hanson for Patriotes - Shot Misses the Net
Finance
Level 1 -- Attendance: 1440 (72,00%) -- Ticket Income 50 400 $
Level 2 -- Attendance: 723 (72,30%) -- Ticket Income 10 845 $
Total Attendance: 2163 (72,10%)
Total Ticket Income: 61 245 $
Other Income: 3 062 $
Total Income: 64 307 $
Diables
5 vs 5 Forward
Center Left Wing Right Wing Time % Phy DF OF
1 Tyler Bozak Kellan Lain Steve Quailer 40 1 2 2
2 Riley Sheahan Brandon Prust Tomas Kubalik 30 1 2 2
3 Craig Smith Gabriel Landeskog Ben Hanowski 20 1 2 2
4 Kyle Chipchura Taylor Beck Benn Ferriero 10 1 2 2
5 vs 5 Defense
Defense Defense Time % Phy DF OF
1 Kyle Cumiskey Tyler Cuma 40 1 2 2
2 Lukas Krajicek Mark Fraser 30 1 2 2
3 Pavel Valentenko Brian Dumoulin 20 1 2 2
4 Petter Granberg Brian Dumoulin 10 1 2 2
PowerPlay Forward
Center Left Wing Right Wing Time % Phy DF OF
1 Tyler Bozak Kellan Lain Benn Ferriero 60 1 2 2
2 Riley Sheahan Brandon Prust Tomas Kubalik 40 1 2 2
PowerPlay Defense
Defense Defense Time % Phy DF OF
1 Kyle Cumiskey Tyler Cuma 60 1 2 2
2 Lukas Krajicek Mark Fraser 40 1 2 2
Penalty Kill 4 Players Forward
Center Wing Time % Phy DF OF
1 Tyler Bozak Kellan Lain 60 1 2 2
2 Brandon Prust Gabriel Landeskog 40 1 2 2
Penalty Kill 4 Players Defense
Defense Defense Time % Phy DF OF
1 Kyle Cumiskey Tyler Cuma 60 1 2 2
2 Lukas Krajicek Mark Fraser 40 1 2 2
Penalty Kill - 3 Players Forward
Forward Time % Phy DF OF
1 Tyler Bozak 60 1 2 2
2 Kellan Lain 40 1 2 2
Penalty Kill - 3 Players Defense
Defense Defense Time % Phy DF OF
1 Kyle Cumiskey Tyler Cuma 60 1 2 2
2 Lukas Krajicek Mark Fraser 40 1 2 2
4 vs 4 Forward
Center Wing Time % Phy DF OF
1 Tyler Bozak Kellan Lain 60 1 2 2
2 Brandon Prust Gabriel Landeskog 40 1 2 2
4 vs 4 Defense
Defense Defense Time % Phy DF OF
1 Kyle Cumiskey Tyler Cuma 60 1 2 2
2 Lukas Krajicek Mark Fraser 40 1 2 2
Last Minutes Offensive
Center Left Wing Right Wing Defense Defense
Tyler Bozak Kellan Lain Benn Ferriero Kyle Cumiskey Tyler Cuma
Last Minutes Defensive
Center Left Wing Right Wing Defense Defense
Tyler Bozak Kellan Lain Benn Ferriero Kyle Cumiskey Tyler Cuma
Goaltenders
Starting : Marek Mazanek
Backup : Jean-Francois Berube
Extra Forwards
Normal : Craig Smith, Ben Hanowski, Kyle Chipchura - PP : Craig Smith, Ben Hanowski - PK : Kyle Chipchura
Extra Defensemen
Normal : Pavel Valentenko, Brian Dumoulin, Petter Granberg - PP : Pavel Valentenko - PK : Brian Dumoulin, Petter Granberg
Penalty Shots
Tyler Bozak, Kellan Lain, Brandon Prust, Gabriel Landeskog, Riley Sheahan
Patriotes
5 vs 5 Forward
Center Left Wing Right Wing Time % Phy DF OF
1 Christian Hanson Fedor Fedorov Andrew Gordon 40 1 2 2
2 Zenon Konopka Matt Calvert Mattias Weinhandl 30 1 2 2
3 Mathieu Perreault Austin Watson Lauri Tukonen 20 1 2 2
4 Melker Karlsson Andrew Gordon Zach Budish 10 1 2 2
5 vs 5 Defense
Defense Defense Time % Phy DF OF
1 Ryan Wilson Jordie Benn 40 1 2 2
2 Anthony Bitetto Mike Funk 30 1 2 2
3 Stephen Johns Robbie Russo 20 1 2 2
4 Ryan Wilson Jordie Benn 10 1 2 2
PowerPlay Forward
Center Left Wing Right Wing Time % Phy DF OF
1 Christian Hanson Fedor Fedorov Andrew Gordon 60 1 2 2
2 Zenon Konopka Matt Calvert Mattias Weinhandl 40 1 2 2
PowerPlay Defense
Defense Defense Time % Phy DF OF
1 Ryan Wilson Jordie Benn 60 1 2 2
2 Anthony Bitetto Mike Funk 40 1 2 2
Penalty Kill 4 Players Forward
Center Wing Time % Phy DF OF
1 Andrew Gordon Mattias Weinhandl 60 1 2 2
2 Fedor Fedorov Christian Hanson 40 1 2 2
Penalty Kill 4 Players Defense
Defense Defense Time % Phy DF OF
1 Ryan Wilson Jordie Benn 60 1 2 2
2 Anthony Bitetto Mike Funk 40 1 2 2
Penalty Kill - 3 Players Forward
Forward Time % Phy DF OF
1 Andrew Gordon 60 1 2 2
2 Mattias Weinhandl 40 1 2 2
Penalty Kill - 3 Players Defense
Defense Defense Time % Phy DF OF
1 Ryan Wilson Jordie Benn 60 1 2 2
2 Anthony Bitetto Mike Funk 40 1 2 2
4 vs 4 Forward
Center Wing Time % Phy DF OF
1 Andrew Gordon Mattias Weinhandl 60 1 2 2
2 Fedor Fedorov Christian Hanson 40 1 2 2
4 vs 4 Defense
Defense Defense Time % Phy DF OF
1 Ryan Wilson Jordie Benn 60 1 2 2
2 Anthony Bitetto Mike Funk 40 1 2 2
Last Minutes Offensive
Center Left Wing Right Wing Defense Defense
Christian Hanson Fedor Fedorov Andrew Gordon Ryan Wilson Jordie Benn
Last Minutes Defensive
Center Left Wing Right Wing Defense Defense
Christian Hanson Fedor Fedorov Andrew Gordon Ryan Wilson Jordie Benn
Goaltenders
Starting : Marek Schwarz
Backup : Jason Missiaen
Extra Forwards
Normal : Andrew Gordon, Lauri Tukonen, Mathieu Perreault - PP : Andrew Gordon, Lauri Tukonen - PK : Mathieu Perreault
Extra Defensemen
Normal : Stephen Johns, Robbie Russo, Anthony Bitetto - PP : Stephen Johns - PK : Robbie Russo, Anthony Bitetto
Penalty Shots
Andrew Gordon, Mattias Weinhandl, Fedor Fedorov, Christian Hanson, Matt Calvert
% Time on Ice - Diables
Lines # - Real PCT - Wanted PCT - Time Play
Normal Forward
1 - 32% - 40% - 16:47
2 - 25% - 30% - 12:54
3 - 23% - 20% - 11:45
4 - 20% - 10% - 10:22
Normal Defense
1 - 37% - 40% - 19:23
2 - 31% - 30% - 16:13
3 - 20% - 20% - 10:12
4 - 12% - 10% - 6:00
PP Forward
1 - 55% - 60% - 2:12
2 - 45% - 40% - 1:46
PP Defense
1 - 59% - 60% - 2:20
2 - 41% - 40% - 1:38
PK Forward
1 - 85% - 60% - 3:36
2 - 15% - 40% - 0:38
PK Defense
1 - 73% - 60% - 3:06
2 - 27% - 40% - 1:08
PK3 Forward
1 - 0% - 60%
2 - 0% - 40%
PK3 Defense
1 - 0% - 60%
2 - 0% - 40%
44 Forward
1 - 0% - 60%
2 - 0% - 40%
44 Defense
1 - 0% - 60%
2 - 0% - 40%
Last Minute Offensive - 0:00
Last Minute Defensive - 0:00
Total
Forward - 60:00
Defense - 60:00
|
% Time on Ice - Patriotes
Lines # - Real PCT - Wanted PCT - Time Play
Normal Forward
1 - 28% - 40% - 14:36
2 - 34% - 30% - 17:23
3 - 25% - 20% - 13:09
4 - 13% - 10% - 6:40
Normal Defense
1 - 36% - 40% - 18:33
2 - 30% - 30% - 15:45
3 - 31% - 20% - 15:57
4 - 3% - 10% - 1:33
PP Forward
1 - 48% - 60% - 2:03
2 - 52% - 40% - 2:11
PP Defense
1 - 70% - 60% - 2:57
2 - 30% - 40% - 1:17
PK Forward
1 - 100% - 60% - 3:58
2 - 0% - 40% - 0:00
PK Defense
1 - 67% - 60% - 2:40
2 - 33% - 40% - 1:18
PK3 Forward
1 - 0% - 60%
2 - 0% - 40%
PK3 Defense
1 - 0% - 60%
2 - 0% - 40%
44 Forward
1 - 0% - 60%
2 - 0% - 40%
44 Defense
1 - 0% - 60%
2 - 0% - 40%
Last Minute Offensive - 0:00
Last Minute Defensive - 0:00
Total
Forward - 60:00
Defense - 60:00
|
Play by Play
1st period
0:01 of 1st period - Tyler Bozak wins face-off versus Christian Hanson in neutral zone.
0:04 of 1st period - Snap shot by Steve Quailer.
0:04 of 1st period - Stopped by Marek Schwarz without a rebound.
0:05 of 1st period - Fedor Fedorov wins face-off versus Tyler Bozak in Patriotes zone.
0:14 of 1st period - Kellan Lain is hit by Ryan Wilson.
0:36 of 1st period - Snap shot by Matt Calvert.
0:36 of 1st period - Shot Misses the Net.
0:48 of 1st period - Snap shot by Lauri Tukonen.
0:48 of 1st period - Shot Blocked by Gabriel Landeskog.
2:39 of 1st period - Wrist shot by Tomas Kubalik.
2:39 of 1st period - Shot Blocked by Robbie Russo.
3:11 of 1st period - Kyle Chipchura is hit by Austin Watson.
3:16 of 1st period - Icing by Pavel Valentenko.
3:17 of 1st period - Kyle Chipchura wins face-off versus Matt Calvert in Diables zone.
3:30 of 1st period - Brian Dumoulin is hit by Jordie Benn and loses puck.
3:41 of 1st period - Kyle Chipchura is hit by Christian Hanson and loses puck.
4:04 of 1st period - Wrist shot by Benn Ferriero.
4:04 of 1st period - Stopped by Marek Schwarz with a rebound.
4:46 of 1st period - Wrist shot by Benn Ferriero.
4:46 of 1st period - Shot Misses the Net.
4:50 of 1st period - Backhand shot by Benn Ferriero.
4:50 of 1st period - Shot Misses the Net.
4:52 of 1st period - Snap shot by Taylor Beck.
4:52 of 1st period - Stopped by Marek Schwarz with a rebound.
4:56 of 1st period - Wrist shot by Taylor Beck.
4:56 of 1st period - Stopped by Marek Schwarz without a rebound.
4:57 of 1st period - Fedor Fedorov wins face-off versus Tyler Bozak in Patriotes zone.
5:01 of 1st period - Off-side.
5:02 of 1st period - Tyler Bozak wins face-off versus Christian Hanson in neutral zone.
6:16 of 1st period - Icing by Mark Fraser.
6:17 of 1st period - Zenon Konopka wins face-off versus Craig Smith in Diables zone.
6:48 of 1st period - Wrist shot by Kellan Lain.
6:48 of 1st period - Shot Misses the Net.
7:30 of 1st period - Slapshot by Matt Calvert.
7:30 of 1st period - Shot Misses the Net.
7:42 of 1st period - Tyler Cuma is hit by Anthony Bitetto and loses puck.
8:10 of 1st period - Steve Quailer is hit by Andrew Gordon and loses puck.
8:23 of 1st period - Mattias Weinhandl is hit by Gabriel Landeskog and loses puck.
8:24 of 1st period - Mattias Weinhandl from Patriotes is injured at 8:24 of 1st period (Left Knee).
8:25 of 1st period - Tyler Bozak wins face-off versus Christian Hanson in Patriotes zone.
8:28 of 1st period - Backhand shot by Kellan Lain.
8:28 of 1st period - Shot Misses the Net.
8:30 of 1st period - Snap shot by Steve Quailer.
8:30 of 1st period - Goal by Steve Quailer - Diables : 1 - Patriotes : 0.
8:31 of 1st period - Tyler Bozak wins face-off versus Christian Hanson in neutral zone.
8:45 of 1st period - Tyler Bozak is hit by Ryan Wilson and loses puck.
9:00 of 1st period - Snap shot by Lauri Tukonen.
9:00 of 1st period - Stopped by Marek Mazanek with a rebound.
9:22 of 1st period - Austin Watson is hit by Petter Granberg.
9:36 of 1st period - Wrist shot by Steve Quailer.
9:36 of 1st period - Stopped by Marek Schwarz with a rebound.
9:48 of 1st period - Wrist shot by Mathieu Perreault.
9:48 of 1st period - Shot Blocked by Kellan Lain.
10:22 of 1st period - Snap shot by Lauri Tukonen.
10:22 of 1st period - Stopped by Marek Mazanek without a rebound.
10:23 of 1st period - Riley Sheahan wins face-off versus Christian Hanson in Diables zone.
10:28 of 1st period - Wrist shot by Andrew Gordon.
10:28 of 1st period - Shot Blocked by Riley Sheahan.
10:53 of 1st period - Wrist shot by Zenon Konopka.
10:53 of 1st period - Shot Blocked by Tyler Cuma.
12:41 of 1st period - Lauri Tukonen is hit by Benn Ferriero and loses puck.
13:02 of 1st period - Snap shot by Craig Smith.
13:02 of 1st period - Shot Misses the Net.
13:07 of 1st period - Icing by Christian Hanson.
13:08 of 1st period - Mathieu Perreault wins face-off versus Riley Sheahan in Patriotes zone.
13:08 of 1st period - Mathieu Perreault is hit by Brandon Prust.
13:38 of 1st period - Wrist shot by Ben Hanowski.
13:38 of 1st period - Stopped by Marek Schwarz with a rebound.
14:12 of 1st period - Andrew Gordon is hit by Kellan Lain.
14:42 of 1st period - Snap shot by Brandon Prust.
14:42 of 1st period - Goal by Brandon Prust - Diables : 2 - Patriotes : 0.
14:43 of 1st period - Riley Sheahan wins face-off versus Christian Hanson in neutral zone.
14:48 of 1st period - Ryan Wilson is hit by Brandon Prust and loses puck.
14:55 of 1st period - Wrist shot by Brandon Prust.
14:55 of 1st period - Shot Blocked by Christian Hanson.
14:57 of 1st period - Wrist shot by Brandon Prust.
14:57 of 1st period - Stopped by Marek Schwarz with a rebound.
14:59 of 1st period - Wrist shot by Tomas Kubalik.
14:59 of 1st period - Stopped by Marek Schwarz with a rebound.
15:25 of 1st period - Icing by Jordie Benn.
15:26 of 1st period - Craig Smith wins face-off versus Matt Calvert in Patriotes zone.
15:51 of 1st period - Mathieu Perreault is hit by Riley Sheahan and loses puck.
16:12 of 1st period - Tyler Cuma is hit by Fedor Fedorov and loses puck.
17:00 of 1st period - Slapshot by Ben Hanowski.
17:00 of 1st period - Shot Misses the Net.
17:02 of 1st period - Slapshot by Mark Fraser.
17:02 of 1st period - Stopped by Marek Schwarz with a rebound.
17:04 of 1st period - Wrist shot by Gabriel Landeskog.
17:04 of 1st period - Stopped by Marek Schwarz without a rebound.
17:05 of 1st period - Tyler Bozak wins face-off versus Zenon Konopka in Patriotes zone.
17:20 of 1st period - Matt Calvert is hit by Mark Fraser and loses puck.
18:04 of 1st period - Snap shot by Mathieu Perreault.
18:04 of 1st period - Shot Misses the Net.
18:06 of 1st period - Slapshot by Stephen Johns.
18:06 of 1st period - Deflect By Ben Hanowski.
18:06 of 1st period - Stopped by Marek Mazanek with a rebound.
18:35 of 1st period - Snap shot by Craig Smith.
18:35 of 1st period - Shot Misses the Net.
18:37 of 1st period - Snap shot by Craig Smith.
18:37 of 1st period - Deflect By Ben Hanowski.
18:37 of 1st period - Stopped by Marek Schwarz without a rebound.
18:38 of 1st period - Christian Hanson wins face-off versus Tyler Bozak in Patriotes zone.
19:03 of 1st period - Andrew Gordon is hit by Tomas Kubalik and loses puck.
19:12 of 1st period - Minor Penalty to Brandon Prust for Diving.
19:13 of 1st period - Christian Hanson wins face-off versus Tyler Bozak in Diables zone.
19:26 of 1st period - Wrist shot by Fedor Fedorov.
19:26 of 1st period - Stopped by Marek Mazanek without a rebound.
19:27 of 1st period - Tyler Bozak wins face-off versus Zenon Konopka in Diables zone.
Goals for this period are 2 for Diables vs 0 for Patriotes.
Shots for this period are 13 for Diables vs 4 for Patriotes.
2nd period
0:01 of 2nd period - Christian Hanson wins face-off versus Tyler Bozak in neutral zone.
0:26 of 2nd period - Kellan Lain is hit by Matt Calvert and loses puck.
0:31 of 2nd period - Slapshot by Matt Calvert.
0:31 of 2nd period - Stopped by Marek Mazanek with a rebound.
0:33 of 2nd period - Slapshot by Anthony Bitetto.
0:33 of 2nd period - Shot Blocked by Tyler Bozak.
0:35 of 2nd period - Slapshot by Anthony Bitetto.
0:35 of 2nd period - Stopped by Marek Mazanek without a rebound.
0:36 of 2nd period - Christian Hanson wins face-off versus Tyler Bozak in Diables zone.
0:37 of 2nd period - Wrist shot by Fedor Fedorov.
0:37 of 2nd period - Stopped by Marek Mazanek with a rebound.
0:55 of 2nd period - Slapshot by Lukas Krajicek.
0:55 of 2nd period - Stopped by Marek Schwarz without a rebound.
0:56 of 2nd period - Tyler Bozak wins face-off versus Zenon Konopka in Patriotes zone.
0:57 of 2nd period - Snap shot by Kellan Lain.
0:57 of 2nd period - Shot Misses the Net.
1:12 of 2nd period - Penalty to Brandon Prust is over, Brandon Prust is back on ice.
1:13 of 2nd period - Brandon Prust is hit by Zenon Konopka and loses puck.
1:46 of 2nd period - Riley Sheahan is hit by Ryan Wilson and loses puck.
2:01 of 2nd period - Brian Dumoulin is hit by Mike Funk and loses puck.
3:01 of 2nd period - Snap shot by Tomas Kubalik.
3:01 of 2nd period - Stopped by Marek Schwarz with a rebound.
3:17 of 2nd period - Snap shot by Benn Ferriero.
3:17 of 2nd period - Shot Misses the Net.
3:19 of 2nd period - Slapshot by Tyler Cuma.
3:19 of 2nd period - Stopped by Marek Schwarz with a rebound.
3:21 of 2nd period - Snap shot by Tyler Cuma.
3:21 of 2nd period - Shot Misses the Net.
3:23 of 2nd period - Snap shot by Taylor Beck.
3:23 of 2nd period - Shot Misses the Net.
3:25 of 2nd period - Wrist shot by Kyle Chipchura.
3:25 of 2nd period - Stopped by Marek Schwarz without a rebound.
3:26 of 2nd period - Mathieu Perreault wins face-off versus Tyler Bozak in Patriotes zone.
3:26 of 2nd period - Mathieu Perreault is hit by Kellan Lain.
3:34 of 2nd period - Backhand shot by Lauri Tukonen.
3:34 of 2nd period - Shot Blocked by Pavel Valentenko.
3:36 of 2nd period - Minor Penalty to Pavel Valentenko for Holding.
3:37 of 2nd period - Tyler Bozak wins face-off versus Christian Hanson in Diables zone.
3:46 of 2nd period - Slapshot by Jordie Benn.
3:46 of 2nd period - Shot Blocked by Kyle Cumiskey.
3:48 of 2nd period - Slapshot by Jordie Benn.
3:48 of 2nd period - Stopped by Marek Mazanek with a rebound.
3:50 of 2nd period - Snap shot by Ryan Wilson.
3:50 of 2nd period - Stopped by Marek Mazanek with a rebound.
3:52 of 2nd period - Snap shot by Fedor Fedorov.
3:52 of 2nd period - Goal by Fedor Fedorov - Diables : 2 - Patriotes : 1.
3:53 of 2nd period - Christian Hanson wins face-off versus Tyler Bozak in neutral zone.
3:56 of 2nd period - Slapshot by Ryan Wilson.
3:56 of 2nd period - Stopped by Marek Mazanek without a rebound.
3:57 of 2nd period - Tyler Bozak wins face-off versus Christian Hanson in Diables zone.
4:01 of 2nd period - Kyle Cumiskey is hit by Ryan Wilson and loses puck.
4:04 of 2nd period - Minor Penalty to Jordie Benn for Slashing.
4:05 of 2nd period - Andrew Gordon wins face-off versus Tyler Bozak in Patriotes zone.
4:31 of 2nd period - Slapshot by Brandon Prust.
4:31 of 2nd period - Shot Misses the Net.
6:04 of 2nd period - Penalty to Jordie Benn is over, Jordie Benn is back on ice.
6:18 of 2nd period - Wrist shot by Christian Hanson.
6:18 of 2nd period - Stopped by Marek Mazanek without a rebound.
6:19 of 2nd period - Craig Smith wins face-off versus Zenon Konopka in Diables zone.
6:42 of 2nd period - Tyler Bozak is hit by Lauri Tukonen and loses puck.
7:20 of 2nd period - Ryan Wilson is hit by Kyle Cumiskey and loses puck.
7:57 of 2nd period - Wrist shot by Craig Smith.
7:57 of 2nd period - Stopped by Marek Schwarz with a rebound.
8:40 of 2nd period - Icing by Stephen Johns.
8:41 of 2nd period - Melker Karlsson wins face-off versus Tyler Bozak in Patriotes zone.
8:46 of 2nd period - Slapshot by Fedor Fedorov.
8:46 of 2nd period - Stopped by Marek Mazanek with a rebound.
8:52 of 2nd period - Wrist shot by Tyler Bozak.
8:52 of 2nd period - Shot Misses the Net.
9:19 of 2nd period - Off-side.
9:20 of 2nd period - Craig Smith wins face-off versus Christian Hanson in neutral zone.
9:36 of 2nd period - Penalty Shot by Christian Hanson for Patriotes.
9:36 of 2nd period - Wrist shot by Christian Hanson.
9:36 of 2nd period - Shot Misses the Net.
9:37 of 2nd period - Zenon Konopka wins face-off versus Tyler Bozak in Patriotes zone.
9:43 of 2nd period - Tyler Cuma is hit by Matt Calvert and loses puck.
11:42 of 2nd period - Stephen Johns is hit by Kellan Lain and loses puck.
12:08 of 2nd period - Minor Penalty to Benn Ferriero for Boarding.
12:09 of 2nd period - Zenon Konopka wins face-off versus Tyler Bozak in Diables zone.
12:10 of 2nd period - Wrist shot by Matt Calvert.
12:10 of 2nd period - Shot Misses the Net.
12:12 of 2nd period - Slapshot by Zenon Konopka.
12:12 of 2nd period - Shot Blocked by Tyler Bozak.
12:16 of 2nd period - Wrist shot by Matt Calvert.
12:16 of 2nd period - Stopped by Marek Mazanek without a rebound.
12:17 of 2nd period - Zenon Konopka wins face-off versus Tyler Bozak in Diables zone.
12:46 of 2nd period - Lukas Krajicek is hit by Christian Hanson and loses puck.
13:33 of 2nd period - Gabriel Landeskog is hit by Christian Hanson and loses puck.
14:08 of 2nd period - Penalty to Benn Ferriero is over, Benn Ferriero is back on ice.
14:19 of 2nd period - Ryan Wilson is hit by Craig Smith and loses puck.
14:24 of 2nd period - Snap shot by Craig Smith.
14:24 of 2nd period - Stopped by Marek Schwarz without a rebound.
14:25 of 2nd period - Zach Budish wins face-off versus Kyle Chipchura in Patriotes zone.
14:48 of 2nd period - Wrist shot by Benn Ferriero.
14:48 of 2nd period - Shot Blocked by Stephen Johns.
14:50 of 2nd period - Wrist shot by Kellan Lain.
14:50 of 2nd period - Shot Misses the Net.
14:52 of 2nd period - Snap shot by Kellan Lain.
14:52 of 2nd period - Stopped by Marek Schwarz with a rebound.
14:54 of 2nd period - Slapshot by Steve Quailer.
14:54 of 2nd period - Stopped by Marek Schwarz without a rebound.
14:55 of 2nd period - Zenon Konopka wins face-off versus Riley Sheahan in Patriotes zone.
15:09 of 2nd period - Wrist shot by Tomas Kubalik.
15:09 of 2nd period - Shot Misses the Net.
15:21 of 2nd period - Tyler Cuma is hit by Lauri Tukonen and loses puck.
15:48 of 2nd period - Snap shot by Craig Smith.
15:48 of 2nd period - Stopped by Marek Schwarz with a rebound.
16:08 of 2nd period - Slapshot by Riley Sheahan.
16:08 of 2nd period - Stopped by Marek Schwarz with a rebound.
16:10 of 2nd period - Slapshot by Tomas Kubalik.
16:10 of 2nd period - Stopped by Marek Schwarz with a rebound.
16:24 of 2nd period - Wrist shot by Lauri Tukonen.
16:24 of 2nd period - Stopped by Marek Mazanek with a rebound.
17:01 of 2nd period - Off-side.
17:02 of 2nd period - Christian Hanson wins face-off versus Tyler Bozak in neutral zone.
17:24 of 2nd period - Icing by Christian Hanson.
17:25 of 2nd period - Mathieu Perreault wins face-off versus Brandon Prust in Patriotes zone.
17:32 of 2nd period - Snap shot by Brandon Prust.
17:32 of 2nd period - Shot Misses the Net.
18:28 of 2nd period - Slapshot by Lauri Tukonen.
18:28 of 2nd period - Stopped by Marek Mazanek with a rebound.
18:30 of 2nd period - Wrist shot by Fedor Fedorov.
18:30 of 2nd period - Shot Misses the Net.
18:32 of 2nd period - Slapshot by Jordie Benn.
18:32 of 2nd period - Stopped by Marek Mazanek with a rebound.
18:46 of 2nd period - Riley Sheahan is hit by Anthony Bitetto and loses puck.
19:43 of 2nd period - Wrist shot by Christian Hanson.
19:43 of 2nd period - Shot Misses the Net.
Goals for this period are 0 for Diables vs 1 for Patriotes.
Shots for this period are 11 for Diables vs 13 for Patriotes.
3rd period
0:01 of 3rd period - Christian Hanson wins face-off versus Tyler Bozak in neutral zone.
0:08 of 3rd period - Snap shot by Christian Hanson.
0:08 of 3rd period - Stopped by Marek Mazanek without a rebound.
0:09 of 3rd period - Tyler Bozak wins face-off versus Christian Hanson in Diables zone.
0:25 of 3rd period - Wrist shot by Kellan Lain.
0:25 of 3rd period - Deflect By Tyler Bozak.
0:25 of 3rd period - Stopped by Marek Schwarz without a rebound.
0:26 of 3rd period - Riley Sheahan wins face-off versus Zenon Konopka in Patriotes zone.
0:29 of 3rd period - Wrist shot by Brandon Prust.
0:29 of 3rd period - Shot Misses the Net.
1:00 of 3rd period - Snap shot by Lauri Tukonen.
1:00 of 3rd period - Shot Misses the Net.
2:23 of 3rd period - Kyle Cumiskey is hit by Fedor Fedorov and loses puck.
3:30 of 3rd period - Icing by Lauri Tukonen.
3:31 of 3rd period - Craig Smith wins face-off versus Christian Hanson in Patriotes zone.
3:34 of 3rd period - Snap shot by Craig Smith.
3:34 of 3rd period - Stopped by Marek Schwarz without a rebound.
3:35 of 3rd period - Craig Smith wins face-off versus Christian Hanson in Patriotes zone.
4:24 of 3rd period - Brandon Prust is hit by Anthony Bitetto and loses puck.
4:35 of 3rd period - Slapshot by Kyle Cumiskey.
4:35 of 3rd period - Stopped by Marek Schwarz with a rebound.
4:37 of 3rd period - Snap shot by Taylor Beck.
4:37 of 3rd period - Shot Blocked by Anthony Bitetto.
4:49 of 3rd period - Benn Ferriero is hit by Fedor Fedorov.
4:55 of 3rd period - Slapshot by Lauri Tukonen.
4:55 of 3rd period - Deflect By Christian Hanson.
4:55 of 3rd period - Shot Misses the Net.
4:55 of 3rd period - Puck is out of play.
4:56 of 3rd period - Steve Quailer wins face-off versus Christian Hanson in Diables zone.
5:03 of 3rd period - Wrist shot by Kellan Lain.
5:03 of 3rd period - Shot Blocked by Andrew Gordon.
5:05 of 3rd period - Slapshot by Brian Dumoulin.
5:05 of 3rd period - Goal by Brian Dumoulin - Diables : 3 - Patriotes : 1.
5:06 of 3rd period - Tyler Bozak wins face-off versus Christian Hanson in neutral zone.
5:25 of 3rd period - Tyler Cuma is hit by Christian Hanson and loses puck.
6:21 of 3rd period - Taylor Beck is hit by Andrew Gordon and loses puck.
6:30 of 3rd period - Wrist shot by Melker Karlsson.
6:30 of 3rd period - Stopped by Marek Mazanek with a rebound.
7:19 of 3rd period - Wrist shot by Ben Hanowski.
7:19 of 3rd period - Stopped by Marek Schwarz with a rebound.
7:39 of 3rd period - Fedor Fedorov is hit by Tyler Bozak and loses puck.
7:55 of 3rd period - Jordie Benn is hit by Brian Dumoulin and loses puck.
8:37 of 3rd period - Slapshot by Lukas Krajicek.
8:37 of 3rd period - Shot Hit the Post.
8:51 of 3rd period - Andrew Gordon is hit by Brandon Prust and loses puck.
9:06 of 3rd period - Zach Budish is hit by Ben Hanowski and loses puck.
9:11 of 3rd period - Snap shot by Craig Smith.
9:11 of 3rd period - Shot Misses the Net.
9:13 of 3rd period - Wrist shot by Gabriel Landeskog.
9:13 of 3rd period - Stopped by Marek Schwarz with a rebound.
9:15 of 3rd period - Wrist shot by Ben Hanowski.
9:15 of 3rd period - Goal by Ben Hanowski - Diables : 4 - Patriotes : 1.
9:16 of 3rd period - Mathieu Perreault wins face-off versus Tyler Bozak in neutral zone.
10:17 of 3rd period - Off-side.
10:18 of 3rd period - Melker Karlsson wins face-off versus Taylor Beck in neutral zone.
10:41 of 3rd period - Robbie Russo is hit by Kellan Lain and loses puck.
11:05 of 3rd period - Icing by Christian Hanson.
11:06 of 3rd period - Christian Hanson wins face-off versus Riley Sheahan in Patriotes zone.
11:06 of 3rd period - Christian Hanson is hit by Pavel Valentenko.
11:32 of 3rd period - Snap shot by Riley Sheahan.
11:32 of 3rd period - Shot Blocked by Lauri Tukonen.
12:02 of 3rd period - Snap shot by Tyler Bozak.
12:02 of 3rd period - Shot Blocked by Andrew Gordon.
12:26 of 3rd period - Snap shot by Taylor Beck.
12:26 of 3rd period - Stopped by Marek Schwarz with a rebound.
12:39 of 3rd period - Kyle Cumiskey is hit by Mike Funk and loses puck.
13:57 of 3rd period - Matt Calvert is hit by Craig Smith and loses puck.
14:26 of 3rd period - Mathieu Perreault is hit by Kyle Cumiskey and loses puck.
15:36 of 3rd period - Snap shot by Tomas Kubalik.
15:36 of 3rd period - Shot Blocked by Robbie Russo.
16:08 of 3rd period - Icing by Kyle Cumiskey.
16:09 of 3rd period - Zenon Konopka wins face-off versus Kyle Chipchura in Diables zone.
16:18 of 3rd period - Kellan Lain is hit by Anthony Bitetto and loses puck.
16:41 of 3rd period - Slapshot by Tyler Cuma.
16:41 of 3rd period - Deflect By Ben Hanowski.
16:41 of 3rd period - Shot Misses the Net.
16:41 of 3rd period - Puck is out of play.
16:42 of 3rd period - Craig Smith wins face-off versus Zenon Konopka in Patriotes zone.
16:43 of 3rd period - Snap shot by Tyler Cuma.
16:43 of 3rd period - Deflect By Matt Calvert.
16:43 of 3rd period - Stopped by Marek Schwarz with a rebound.
16:45 of 3rd period - Wrist shot by Craig Smith.
16:45 of 3rd period - Stopped by Marek Schwarz with a rebound.
17:01 of 3rd period - Tyler Cuma is hit by Jordie Benn and loses puck.
17:10 of 3rd period - Snap shot by Tyler Bozak.
17:10 of 3rd period - Stopped by Marek Schwarz with a rebound.
17:12 of 3rd period - Slapshot by Kellan Lain.
17:12 of 3rd period - Stopped by Marek Schwarz without a rebound.
17:13 of 3rd period - Riley Sheahan wins face-off versus Mathieu Perreault in Patriotes zone.
17:28 of 3rd period - Wrist shot by Tomas Kubalik.
17:28 of 3rd period - Shot Misses the Net.
17:40 of 3rd period - Wrist shot by Steve Quailer.
17:40 of 3rd period - Stopped by Marek Schwarz with a rebound.
17:42 of 3rd period - Slapshot by Tyler Cuma.
17:42 of 3rd period - Shot Misses the Net.
17:54 of 3rd period - Minor Penalty to Robbie Russo for Hooking.
17:55 of 3rd period - Tyler Bozak wins face-off versus Andrew Gordon in Patriotes zone.
18:20 of 3rd period - Jordie Benn is hit by Tyler Cuma and loses puck.
18:25 of 3rd period - Wrist shot by Brandon Prust.
18:25 of 3rd period - Shot Misses the Net.
18:27 of 3rd period - Snap shot by Tomas Kubalik.
18:27 of 3rd period - Shot Misses the Net.
18:29 of 3rd period - Backhand shot by Mark Fraser.
18:29 of 3rd period - Shot Blocked by Ryan Wilson.
19:54 of 3rd period - Penalty to Robbie Russo is over, Robbie Russo is back on ice.
19:54 of 3rd period - Christian Hanson is hit by Ben Hanowski and loses puck.
Goals for this period are 2 for Diables vs 0 for Patriotes.
Shots for this period are 13 for Diables vs 2 for Patriotes.
Back to the Top